Map: Site Delta LE

Players

Spazymazy

  • Race: Zerg Zerg
  • League: Master
  • Spawn Location: 11:00

Harstem - Winner!

  • Race: Protoss Protoss
  • League: Master
  • Spawn Location: 5:00

Event: HomeStory Cup XXV

VOD

Have the link to the VOD?

Description

Time

  • Played on: June 22, 2024, 7:10 a.m.
  • Length: 8:36

All games in this series

Show
View Real Time Build Order
Export as new Build Order

Spazymazy Zerg 

Build Orders: Pool First 

Get SALT Encoding   

  12  0:00  Drone  
  13  0:12  Overlord  
  13  0:17  Drone  
  14  0:31  Drone x2  
  16  0:40  Spawning Pool  
  15  0:44  Drone  
  15  0:47  Drone  
  17  1:08  Hatchery  
  17  1:11  Drone  
  17  1:14  Extractor  
  16  1:27  Zergling x4  
  16  1:28  Zergling x2  
  19  1:33  Queen  
  21  1:42  Overlord  
  21  1:50  Drone  
  22  2:02  Drone  
  23  2:17  Hatchery  
  23  2:22  Drone  
  23  2:24  Metabolic Boost  
  23  2:31  Queen  
  23  2:35  Drone  
  26  2:38  Drone  
  27  2:45  Overlord  
  27  2:52  Drone x2  
  29  3:01  Drone  
  29  3:05  Drone x2  
  31  3:11  Drone x2  
  33  3:14  Queen  
  33  3:19  Drone x4  
  39  3:22  Drone  
  39  3:26  Overlord  
  40  3:31  Queen  
  42  3:38  Spore Crawler  
  42  3:40  Spore Crawler, Drone  
  41  3:41  Drone  
  41  3:43  Drone  
  41  3:47  Drone  
  44  3:58  Drone x3  
  44  3:59  Drone x2  
  44  4:02  Queen  
  49  4:08  Spore Crawler  
  49  4:09  Drone x2  
  51  4:12  Drone  
  51  4:13  Drone  
  51  4:17  Drone x2  
  55  4:21  Drone x2  
  57  4:26  Overlord x2  
  57  4:34  Overlord  
  57  4:37  Roach Warren  
  56  4:39  Overlord  
  56  4:40  Overlord  
  56  4:42  Overlord  
  56  4:45  Overlord  
  56  4:47  Drone x2  
  56  4:52  Drone x2  
  60  4:53  Overlord  
  60  4:55  Drone x2  
  60  4:57  Extractor x2  
  58  5:02  Drone x4  
  61  5:07  Overlord  
  61  5:11  Lair  
  61  5:12  Drone  
  61  5:13  Drone x2  
  64  5:15  Drone x2  
  64  5:18  Drone  
  64  5:19  Drone x2  
  64  5:20  Extractor  
  68  5:21  Extractor  
  68  5:26  Drone x3  
  70  5:30  Drone x3  
  70  5:34  Drone  
  74  5:36  Drone  
  74  5:38  Zergling x2, Evolution Chamber  
  75  5:43  Zergling x8  
  75  5:44  Zergling x2  
  80  5:50  Hatchery  
  80  5:54  Drone  
  79  5:59  Drone x4  
  79  6:00  Extractor  
  80  6:04  Zerg Melee Weapons Level 1  
  80  6:10  Drone  
  82  6:11  Drone x3  
  82  6:12  Spire  
  82  6:15  Drone x2  
  82  6:16  Zergling x4  
  87  6:18  Overlord  
  87  6:22  Queen  
  87  6:23  Overlord  
  93  6:25  Roach x2  
  93  6:26  Zergling x2, Roach  
  93  6:30  Zergling x2, Roach x2  
  101  6:35  Roach x3  
  101  6:37  Queen  
  101  6:39  Zergling x4  
  112  6:41  Roach  
  115  6:47  Zergling x2  
  115  6:52  Roach x2  
  117  6:58  Zergling x8  
  119  7:04  Roach x2  
  119  7:06  Ravager x5  
  126  7:08  Zergling x4  
  126  7:09  Zergling x4  
  119  7:15  Zergling x2  
  119  7:16  Zergling x2  
  117  7:23  Roach  
  117  7:27  Mutalisk x2  
  121  7:34  Mutalisk x4  
  121  7:35  Mutalisk x2  
  132  7:38  Queen, Zergling x4  
  132  7:39  Queen  
  134  7:46  Roach  
  134  7:48  Hatchery, Roach  
  133  7:55  Zergling x8  
  132  8:03  Roach x3  
  136  8:09  Zergling x2, Roach  
  136  8:10  Overlord x4  
  135  8:17  Overlord  
Show
View Real Time Build Order
Export as new Build Order

Harstem Protoss - Winner!

Build Orders: 1 Gate Expand, Oracle Opening 

Get SALT Encoding   

  12  0:00  Probe  
  13  0:12  Probe  
  14  0:18  Pylon  
  14  0:24  Probe (Chrono Boost)  
  15  0:36  Probe (Chrono Boost)  
  15  0:37  Gateway  
  16  0:45  Probe (Chrono Boost)  
  16  0:47  Assimilator  
  17  0:51  Probe  
  18  1:03  Probe  
  20  1:24  Nexus  
  20  1:29  Cybernetics Core  
  19  1:33  Probe  
  19  1:38  Assimilator  
  20  1:45  Pylon  
  21  1:55  Probe  
  20  2:03  Adept (Chrono Boost)  
  22  2:09  Cybernetics Core  
  23  2:17  Pylon  
  23  2:18  Probe  
  23  2:22  Stargate  
  23  2:24  Adept (Chrono Boost)  
  25  2:30  Probe  
  25  2:36  Shield Battery  
  26  2:39  Probe  
  26  2:43  Warp Gate  
  27  2:47  Probe  
  28  2:52  Probe  
  29  2:59  Probe  
  29  3:03  Oracle (Chrono Boost)  
  30  3:08  Probe (Chrono Boost)  
  35  3:16  Probe (Chrono Boost)  
  36  3:20  Probe (Chrono Boost)  
  36  3:25  Probe (Chrono Boost)  
  36  3:26  Probe (Chrono Boost)  
  38  3:30  Oracle (Chrono Boost)  
  38  3:31  Pylon  
  41  3:34  Probe  
  41  3:36  Probe  
  43  3:41  Adept  
  43  3:46  Probe  
  46  3:48  Gateway  
  46  3:50  Probe  
  47  3:58  Probe  
  48  4:02  Probe  
  48  4:06  Oracle  
  52  4:10  Probe, Pylon  
  52  4:15  Probe  
  54  4:25  Nexus  
  54  4:28  Probe x2  
  56  4:31  Pylon  
  56  4:37  Forge  
  56  4:40  Probe x2  
  56  4:42  Assimilator  
  56  4:45  Assimilator  
  58  4:51  Adept  
  58  4:52  Probe x2  
  62  4:57  Twilight Council  
  62  5:00  Protoss Ground Weapons Level 1 (Chrono Boost)  
  62  5:04  Stalker, Probe x2  
  66  5:08  Pylon  
  66  5:16  Gateway  
  66  5:17  Probe x2  
  68  5:25  Gateway  
  68  5:26  Blink (Chrono Boost)  
  68  5:29  Stalker, Probe  
  68  5:30  Probe  
  72  5:38  Stalker  
  72  5:39  Probe  
  75  5:45  Probe  
  75  5:46  Probe  
  77  5:55  Stalker  
  80  5:57  Probe  
  80  6:01  Gateway, Probe x2  
  80  6:03  Gateway  
  82  6:04  Stalker  
  82  6:07  Pylon  
  82  6:09  Probe  
  82  6:11  Stalker  
  87  6:13  Shield Battery  
  87  6:15  Probe  
  87  6:17  Probe  
  89  6:21  Probe  
  89  6:24  Stalker x2  
  94  6:27  Probe  
  94  6:29  Stalker  
  98  6:34  Pylon  
  98  6:38  Stalker  
  98  6:39  Pylon  
  99  6:40  Probe  
  99  6:41  Probe  
  99  6:45  Assimilator  
  101  6:49  Assimilator  
  100  6:55  Stalker x3  
  100  6:58  Pylon  
  100  7:00  Stalker x2  
  107  7:02  Pylon  
  107  7:05  Probe  
  106  7:10  Stalker  
  106  7:11  Probe  
  109  7:19  Templar Archives  
  109  7:20  Stalker x3  
  111  7:23  Stalker  
  111  7:27  Stalker  
  115  7:33  Stalker, Probe  
  118  7:44  Stalker x3  
  118  7:49  Stalker, Pylon  
  127  7:57  Stalker x2  
  131  8:01  Pylon  
  131  8:03  Phoenix (Chrono Boost)  
  131  8:05  Shield Battery, Pylon  
  132  8:07  Pylon  
  132  8:09  Photon Cannon  
  130  8:21  Stalker x3  
  130  8:22  Stalker  
  130  8:24  Stalker  
  132  8:31  Stalker  
Tags
 
Add a new tag
Caveats
  • Supply blocks, unpowered buildings, or Contaminate may cause inaccurate times.
  • Supply counts are checked every 10 seconds.